 Dungeon Crawl Stone Soup version 0.28.0-45-g0d030f2227 (webtiles) character file.

Game seed: 9192070978083284451

18 VictoriousLee the Skirmisher (level 2, -4/24 HPs)
             Began as a Demonspawn Abyssal Knight on Apr 15, 2022.
             Was a Follower of Lugonu.
             Slain by a worm (10 damage)
             ... on level 2 of the Dungeon.
             The game lasted 00:04:07 (1426 turns).

VictoriousLee the Skirmisher (DsAK)                 Turns: 1426, Time: 00:04:07

Health: -4/24      AC:  3    Str: 13    XL:     2   Next: 48%
Magic:  3/3        EV: 11    Int: 11    God:    Lugonu [*.....]
Gold:   42         SH:  4    Dex: 13    Spells: 1/1 levels left

rFire   . . .      SeeInvis .   a - +1 mace
rCold   . . .      Faith    .   (no shield)
rNeg    . . .      Spirit   .   b - +0 leather armour
rPois   .          Reflect  .   (no helmet)
rElec   .          Harm     .   (no cloak)
rCorr   .          Rampage  .   (no gloves)
Will    .....                   (no boots)
Stlth   +.........              (no amulet)
HPRegen 0.08/turn               (no ring)
MPRegen 0.08/turn               (no ring)

@: no status effects
A: large bone plates 1
a: Renounce Religion, Depart the Abyss


You were on level 2 of the Dungeon.
You worshipped Lugonu.
Lugonu was aware of your devotion.
You visited 1 branch of the dungeon, and saw 2 of its levels.
You visited the Abyss 1 time.

You collected 42 gold pieces.

Inventory:

Hand Weapons
 a - a +1 mace (weapon)
 d - a +0 whip
Missiles
 c - 24 sling bullets
 e - 69 stones
Armour
 b - a +0 leather armour (worn)
Jewellery
 f - a ring of ice
Scrolls
 g - a scroll of torment {unknown}
Potions
 h - a potion of attraction {unknown}
 i - a potion of lignification {unknown}


   Skills:
 - Level 3.0 Fighting
 + Level 2.8 Maces & Flails
 - Level 1.7 Armour
 - Level 0.8 Dodging
 - Level 2.4 Invocations


You had one spell level left.
You didn't know any spells.
Your spell library was empty.

Dungeon Overview and Level Annotations

Branches:
Dungeon (2/15)

Altars:


Innate Abilities, Weirdness & Mutations

You are partially covered in large bone plates. (SH +4)


Message History

You are too injured to fight recklessly!
You sock the quokka!
You kill the quokka!
Lugonu accepts your kill.
You start resting.
HP restored.
You climb downwards.
The worm bites you!
There is a stone staircase leading up here.
You hit the worm.
The worm is lightly wounded.
The worm bites you!
* * * LOW HITPOINT WARNING * * *
Found a book of Weapons.
Found a stone staircase leading up.
There is a stone staircase leading up here.
You climb upwards.
There is a stone staircase leading down here.
You start resting.
HP restored.
You climb downwards.
The worm bites you!
There is a stone staircase leading up here.
You hit the worm.
The worm is lightly wounded.
You sock the worm!
The worm is heavily wounded.
The worm bites you.
You are too injured to fight recklessly!
You are too injured to fight recklessly!
You barely miss the worm.
The worm is heavily wounded.
The worm bites you.
* * * LOW HITPOINT WARNING * * *
You barely miss the worm.
The worm is heavily wounded.
You hit the worm.
The worm is severely wounded.
You block the worm's attack.
You hit the worm.
The worm is severely wounded.
The worm bites you!
You die...

..........# ...#
.......:#.###...###
........$.#.......##
######.............
...>............$.#
..######..##....###
#..##....###
###..........#
#...w@.......:.
#.##.##.#...... #.
#.##.####.## #
#.##.# <# #..... #
####.. ...


You could see a worm.

Vanquished Creatures
  A dart slug (D:1)
  2 endoplasms (D:1)
  4 goblins (D:1)
  A hobgoblin (D:1)
  A quokka (D:1)
  A ball python (D:1)
  3 bats (D:1)
  A rat (D:2)
14 creatures vanquished.

Notes
Turn   | Place    | Note
-------+----------+-------------------------------------------
     0 | Abyss:1  | VictoriousLee the Demonspawn Abyssal Knight began the quest
                  | for the Orb.
     0 | Abyss:1  | Reached XP level 1. HP: 18/18 MP: 2/2
    17 | Abyss:1  | Found a corrupted altar of Lugonu.
    38 | Abyss:1  | Noticed a wretched star
    39 | Abyss:1  | Noticed a thrashing horror
    40 | D:1      | Escaped the Abyss
   397 | D:1      | Reached * piety under Lugonu
   414 | D:1      | Gained mutation: You are partially covered in large bone
                  | plates. (SH +4) [demonic ancestry]
   414 | D:1      | Reached XP level 2. HP: 17/24 MP: 3/3
   516 | D:1      | Found a faded altar of an unknown god.
  1426 | D:2      | Slain by a worm

Illustrated notes

Levels and vault maps discovered:
D:1:      sevenhm_arrival_forest_fort_small_5, layout_basic,
          basic_ecumenical_altar, kennysheep_small_spiral, bh_walls_and_bars
D:2:      layout_loops_ring, grunt_decor_junction

Skill      XL: |  1 |
---------------+----+-----
Maces & Flails | 2 |  2.8
Fighting       | |  3.0
Armour         | |  1.7
Dodging        | |  0.8
Invocations    | |  2.4

Action                   || total
-------------------------++-------
Melee: Mace              ||    55
Invok: Depart the Abyss  ||     1
Armor: Leather armour    ||    12
Dodge: Dodged            ||    21
Block: Other             ||     3
